 Dungeon Crawl Stone Soup version 0.25-a0-424-g80bd347ae0 (console) character file.

Game seed: 1233646810859853775, levelgen mode: deterministic

273 Asser the Caller (level 6, 0/32 HPs)
             Began as a Tengu Summoner on Jan 19, 2020.
             Succumbed to a water moccasin's poison
             ... on level 5 of the Dungeon on Jan 23, 2020.
             The game lasted 00:34:55 (2846 turns).

Asser the Caller (Tengu Summoner)                   Turns: 2846, Time: 00:34:55

Health: 0/32       AC:  7    Str: 10    XL:     6   Next: 24%
Magic:  7/12       EV: 11    Int: 17    God:
Gold:   173        SH:  0    Dex: 15    Spells: 11/12 levels left

rFire    . . .     SeeInvis .   j - +0 mace
rCold    . . .     Gourm    .   (no shield)
rNeg     . . .     Faith    .   n - +1 scale mail
rPois    .         Spirit   .   (helmet restricted)
rElec    .         Reflect  .   (no cloak)
rCorr    .         Harm     .   (no gloves)
MR       .....                  (boots unavailable)
Stlth    +.........             (no amulet)
HPRegen  0.50/turn              (no ring)
MPRegen  0.13/turn              (no ring)

@: lethally poisoned (0 -> -5), flying quickly and evasively, quick
A: beak, talons 3, regeneration 1, strong 1, able to fly
a: Stop Flying


You were on level 5 of the Dungeon.
You were full.

You visited 1 branch of the dungeon, and saw 5 of its levels.

You collected 173 gold pieces.

Inventory:

Hand Weapons
 b - a +0 club
 j - a +0 mace (weapon)
Missiles
 l - 6 silver javelins (quivered)
Armour
 a - a +0 robe
 n - a +1 scale mail (worn)
Wands
 h - a wand of enslavement (3)
Scrolls
 g - a scroll of identify
Potions
 e - a potion of mutation
 k - a potion of ambrosia
 m - a potion of lignification
Comestibles
 c - a ration


   Skills:
 + Level 0.2 Fighting
 + Level 1.4 Maces & Flails
 + Level 0.1 Throwing
 + Level 0.8 Armour
 + Level 2.3 Dodging
 + Level 2.4 Stealth
 + Level 3.5 Spellcasting
 * Level 7.0 Summonings


You had 11 spell levels left.
You knew the following spells:

 Your Spells              Type           Power        Failure   Level  Hunger
a - Summon Small Mammal   Summ           ####         6%          1    None

Your spell library contained the following spells:

 Spells                   Type           Power        Failure   Level  Hunger
 Call Imp                 Summ           ####....     10%         2    ##.....
 Call Canine Familiar     Summ           ####....     19%         3    ###....
 Summon Guardian Golem    Hex/Summ       ###.....     63%         3    ###....
 Summon Ice Beast         Ice/Summ       ###.....     95%         4    ####...
 Summon Lightning Spire   Summ/Air       ###.....     95%         4    ####...


Dungeon Overview and Level Annotations

Branches:
Dungeon (5/15)
 Temple: D:4-7

Altars:
Ashenzari

Annotations:
D:5 1 runed translucent door


Innate Abilities, Weirdness & Mutations

You have a beak for a mouth.
You have claws for feet.
You can fly continuously.
Your natural rate of healing is unusually fast.
Your muscles are strong. (Str +2)


Message History

You feel sick.
Evoke which item? (* to show all) (? for menu, Esc to quit)
Aiming: Enslavement
Press: ? - help, Shift-Dir - straight line, f - water moccasin
Aim: a water moccasin (chance to defeat MR: 46%)
The water moccasin resists with some effort.
The water moccasin closely misses you. The water moccasin bites you.
* * * LOW HITPOINT WARNING * * *
You are more poisoned.
The water moccasin poisons you!
Evoke which item? (* to show all) (? for menu, Esc to quit)
You don't have any such object.
Evoke which item? (* to show all) (? for menu, Esc to quit)
You don't have any such object.
Evoke which item? (* to show all) (? for menu, Esc to quit)
Aiming: Enslavement
Press: ? - help, Shift-Dir - straight line, f/p - water moccasin
Aim: a water moccasin (chance to defeat MR: 46%)
The water moccasin is charmed.
You die...

..#..............#
................#
#...........##...
##................ .
##............##..... #.
#.............# ...#
#..#.........##........#
#......Y....###..#.....
#......รท....##..##...
##.....>S....##..#.##
#.....@....###....#.##.
#.......................
..............#.#.......
..........#####.#####...
.....#....#####.....# #.
#..######.##........###.
..# #.##.##.....#. . .#
#.##.#......#...
#......_......##
###......#.##..#
#.....##.###..


You could see an ice beast and a friendly water moccasin.

Vanquished Creatures
  A hound (D:5)
  2 adders
  An adder skeleton (D:5)
  A leopard gecko (D:5)
  4 orcs
  A bat (D:1)
  2 giant cockroaches (D:1)
  3 goblins
  3 hobgoblins
  2 jackals (D:1)
  3 kobolds
  2 rats (D:2)
25 creatures vanquished.

Vanquished Creatures (collateral kills)
  A bullfrog (D:5)
  A scorpion (D:4)
  A howler monkey (D:5)
  2 hounds
  A jelly (D:5)
  A worker ant (D:5)
  An ooze (D:1)
  3 worms
  2 dart slugs (D:1)
  4 leopard geckos
  2 orcs
  2 bats (D:1)
  3 giant cockroaches
  A goblin (D:1)
  3 hobgoblins (D:1)
  4 jackals (D:1)
  A ball python (D:1)
  2 frilled lizards
  A kobold (D:2)
36 creatures vanquished.

Grand Total: 61 creatures vanquished

Notes
Turn   | Place    | Note
-------+----------+-------------------------------------------
     0 | D:1      | Asser the Tengu Summoner began the quest for the Orb.
     0 | D:1      | Reached XP level 1. HP: 10/10 MP: 4/4
   110 | D:1      | Reached skill level 5 in Summonings
   169 | D:1      | Reached XP level 2. HP: 1/15 MP: 3/6
   188 | D:1      | note testing
  1041 | D:1      | Reached XP level 3. HP: 9/19 MP: 3/7
  2069 | D:4      | Reached skill level 1 in Maces & Flails
  2069 | D:4      | Reached XP level 4. HP: 2/24 MP: 0/8
  2247 | D:4      | Reached skill level 6 in Summonings
  2335 | D:4      | Upgraded the game from 0.25-a0-420-g1cc7eeb0d1 to
                  | 0.25-a0-424-g80bd347ae0
  2410 | D:5      | Entered Level 5 of the Dungeon
  2428 | D:5      | Gained mutation: You can fly continuously. [Tengu growth]
  2428 | D:5      | Reached XP level 5. HP: 27/28 MP: 4/10
  2486 | D:5      | Found a shattered altar of Ashenzari.
  2571 | D:5      | Found a runed translucent gate.
  2679 | D:5      | HP: 1/28 [poisoned by a worker ant]
  2680 | D:5      | Gained mutation: Your muscles are strong. (Str +2) [potion
                  | of mutation]
  2680 | D:5      | Gained mutation: Your natural rate of healing is unusually
                  | fast. [potion of mutation]
  2724 | D:5      | Reached XP level 6. HP: 18/32 MP: 1/12
  2752 | D:5      | Noticed a water moccasin
  2774 | D:5      | Reached skill level 7 in Summonings
  2843 | D:5      | Noticed an ice beast
  2845 | D:5      | HP: 1/32 [water moccasin (2)]
  2846 | D:5      | Succumbed to a water moccasin's poison

Levels and vault maps discovered:
D:1:      scummos_arrival_star, layout_basic, minmay_indecisive_spiral
D:2:      layout_loops_cross, chequers_ecumenical_altar_grove, uniq_robin
D:3:      layout_basic, portal_sewer_entry_f, kennysheep_decorative_pillar
D:4:      layout_rooms, lightli_temple_of_fire, first_ration
D:5:      layout_cave_pools, nicolae_overflow_crystal_walls,
          ebering_ghost_gozag, grunt_ministairs_3, uniq_ijyb

Skill      XL: |  1  2  3  4  5  6 |
---------------+-------------------+-----
Summonings     | 5 6 7 |  7.0
Maces & Flails | 1 |  1.4
Spellcasting   | 3 |  3.5
Fighting       | |  0.2
Throwing       | |  0.1
Armour         | |  0.8
Dodging        | |  2.3
Stealth        | |  2.4

Action                   |  1- 3 |  4- 6 || total
-------------------------+-------+-------++-------
Melee: Unarmed           |    15 |       ||    15
       Peck              |    13 |     4 ||    17
       Kick              |     7 |     8 ||    15
       Club              |    12 |       ||    12
       Mace              |    45 |    36 ||    81
Throw: Stone             |     2 |       ||     2
 Cast: Summon Small Mamm |   112 |    66 ||   178
 Abil: Fly               |       |     1 ||     1
Evoke: Wand              |       |     3 ||     3
  Use: Scroll            |     3 |     6 ||     9
       Potion            |       |     1 ||     1
 Stab: Distracted        |     1 |       ||     1
  Eat: Ration            |     1 |     3 ||     4
Armor: Robe              |    23 |       ||    23
       Ring mail         |    23 |       ||    23
       Scale mail        |    16 |    41 ||    57
Dodge: Dodged            |    85 |    44 ||   129

Table legend:
 A = Non-vault XP
 B = Vault XP
 C = Vault XP percentage of total XP
 D = Non-vault monster count
 E = Vault monster count
 F = Vault count percentage of total count
                 A         B        C        D         E       F
            +---------+---------+-------+---------+---------+-------
      Total |     387 |       4 |   1.0 |      57 |       4 |   6.6
            +---------+---------+-------+---------+---------+-------
        D:1 |      35 |       4 |  10.3 |      22 |       4 |  15.4
        D:2 |      33 |       0 |   0.0 |      13 |       0 |   0.0
        D:3 |       6 |       0 |   0.0 |       3 |       0 |   0.0
        D:4 |      71 |       0 |   0.0 |       5 |       0 |   0.0
        D:5 |     242 |       0 |   0.0 |      14 |       0 |   0.0
            +---------+---------+-------+---------+---------+-------
